Map: Acid Plant LE

Players

BigCec

  • Race: Terran Terran
  • League: Diamond
  • Spawn Location: 11:00

llIllllIllll - Winner!

  • Race: Protoss Protoss
  • League: Master
  • Spawn Location: 5:00

VOD

Have the link to the VOD?

Description

Time

  • Played on: Feb. 13, 2018, 12:52 a.m.
  • Length: 13:01
Show
View Real Time Build Order
Export as new Build Order

BigCec Terran 

Build Orders: Banshee Rush 

Get SALT Encoding   

  12  0:01  SCV  
  13  0:13  SCV  
  14  0:17  Supply Depot  
  14  0:25  SCV  
  15  0:40  Barracks  
  15  0:42  SCV  
  16  0:50  Supply Depot  
  16  0:54  SCV  
  17  0:57  Refinery  
  17  1:07  SCV  
  17  1:08  Refinery  
  18  1:19  SCV  
  19  1:29  Bunker  
  19  1:34  Orbital Command  
  19  1:39  Reaper  
  20  2:02  SCV, Factory  
  21  2:11  Marine  
  22  2:19  SCV, Engineering Bay  
  23  2:31  Marine, SCV  
  25  2:37  Supply Depot  
  25  2:43  SCV  
  26  2:51  Factory Tech Lab  
  26  2:53  Starport  
  26  2:54  Marine  
  27  3:00  Missile Turret  
  27  3:02  Missile Turret  
  27  3:03  Missile Turret  
  27  3:07  SCV  
  28  3:16  Siege Tank  
  28  3:18  Marine  
  32  3:31  Starport, Starport Tech Lab  
  32  3:35  SCV  
  32  4:00  Cloaking Field  
  32  4:02  Banshee  
  35  4:09  Command Center  
  35  4:12  Starport Tech Lab  
  35  4:23  SCV  
  36  4:31  Banshee  
  39  4:57  Supply Depot  
  39  5:13  Banshee, Marine, SCV, Siege Tank  
  39  5:14  Command Center  
  47  5:20  Banshee  
  50  5:31  Marine, SCV  
  52  5:43  SCV, Missile Turret  
  52  5:47  Armory  
  52  5:48  Marine  
  54  6:01  Planetary Fortress  
  54  6:15  Banshee  
  57  6:37  Orbital Command  
  57  6:38  Marine  
  58  6:43  SCV  
  58  6:44  Missile Turret  
  59  6:48  Missile Turret  
  59  6:50  Widow Mine  
  61  6:55  SCV  
  61  6:56  Marine  
  63  7:07  SCV  
  64  7:12  Widow Mine, Missile Turret  
  66  7:18  Viking  
  66  7:19  SCV  
  66  7:31  SCV  
  66  7:33  Widow Mine, Missile Turret  
  66  7:35  Missile Turret  
  69  7:42  Marine  
  69  7:43  SCV  
  71  7:55  Missile Turret  
  71  7:56  SCV  
  72  8:00  Marine  
  68  8:08  SCV  
  68  8:12  Missile Turret  
  68  8:16  Missile Turret x2  
  68  8:17  Missile Turret  
  68  8:18  Missile Turret  
  68  8:19  Missile Turret  
  68  8:20  SCV  
  68  8:26  Missile Turret  
  69  8:27  Barracks  
  69  8:30  Armory  
  69  8:37  Refinery, Missile Turret  
  69  8:39  Refinery  
  69  8:40  Missile Turret  
  69  8:48  Missile Turret x2  
  69  8:58  SCV  
  67  9:10  SCV  
  67  9:15  Marine  
  69  9:25  Terran Vehicle And Ship Armor Level 1  
  69  9:34  Missile Turret  
  69  9:35  Marine, Missile Turret, SCV  
  69  9:36  Supply Depot, Missile Turret  
  71  9:45  Missile Turret  
  71  9:48  SCV  
  72  9:53  Marine  
  70  10:00  SCV  
  71  10:11  Marine  
  71  10:12  SCV  
  71  10:29  Marine, Orbital Command  
  71  10:46  Marine  
  69  10:50  Missile Turret x2  
  69  10:51  Refinery  
  69  10:54  Refinery  
  69  10:57  Missile Turret  
  63  11:04  Marine  
  56  11:14  Viking x2  
  59  11:22  Marine  
  57  11:40  Marine, Orbital Command  
  52  11:58  Marine  
  49  12:12  Missile Turret  
  49  12:14  Missile Turret  
  44  12:29  Marine  
Show
View Real Time Build Order
Export as new Build Order

llIllllIllll Protoss - Winner!

Build Orders:  

Get SALT Encoding   

  12  0:01  Probe  
  13  0:13  Probe  
  14  0:20  Pylon  
  14  0:25  Probe  
  15  0:38  Probe  
  16  0:45  Gateway  
  16  0:50  Probe  
  17  0:59  Gateway  
  17  1:02  Probe  
  18  1:10  Forge  
  18  1:17  Pylon  
  18  1:20  Pylon  
  18  1:39  Pylon  
  18  1:40  Pylon  
  18  1:42  Pylon x2  
  18  1:44  Pylon  
  18  1:48  Pylon  
  18  1:52  Pylon  
  18  2:01  Pylon  
  18  2:08  Pylon  
  18  2:12  Pylon  
  18  2:24  Assimilator  
  18  2:25  Zealot (Chrono Boost)  
  20  2:34  Probe (Chrono Boost), Assimilator  
  21  2:46  Probe (Chrono Boost)  
  21  3:05  Photon Cannon  
  21  3:10  Photon Cannon  
  21  3:16  Probe  
  22  3:30  Probe, Cybernetics Core  
  23  3:46  Probe (Chrono Boost)  
  25  3:55  Probe (Chrono Boost)  
  25  4:07  Nexus  
  24  4:18  Stargate  
  24  4:29  Stargate  
  24  4:43  Probe  
  25  4:46  Pylon  
  25  5:07  Void Ray (Chrono Boost)  
  29  5:17  Void Ray (Chrono Boost)  
  33  5:23  Forge  
  33  5:26  Pylon  
  33  5:36  Pylon  
  33  5:48  Void Ray (Chrono Boost)  
  39  5:50  Zealot  
  39  6:00  Photon Cannon  
  39  6:08  Void Ray (Chrono Boost)  
  43  6:39  Photon Cannon  
  43  6:42  Photon Cannon  
  43  6:48  Void Ray  
  47  6:57  Photon Cannon  
  51  7:23  Void Ray  
  51  7:36  Pylon  
  51  7:39  Pylon  
  51  8:07  Oracle  
  54  8:30  Void Ray  
  58  8:43  Void Ray  
  62  9:17  Nexus  
  62  9:27  Photon Cannon  
  59  10:08  Void Ray  
  61  10:39  Pylon  
  61  10:42  Assimilator  
  61  10:46  Probe, Assimilator  
  61  10:49  Probe  
  63  11:01  Probe  
  56  11:36  Void Ray x2  
  64  11:43  Photon Cannon  
  64  11:45  Photon Cannon  
  64  12:32  Probe  
  64  12:34  Photon Cannon  
  63  12:38  Pylon  
  65  12:44  Probe  
Tags
 
Add a new tag
Caveats
  • Supply blocks, unpowered buildings, or Contaminate may cause inaccurate times.
  • Supply counts are checked every 10 seconds.